 Dungeon Crawl Stone Soup version 0.24-a0-179-g7a2c91a (webtiles) character file.

Game seed: 107054865773931386

41 Lanoc the Poker (level 3, 0/29 HPs)
             Began as a Merfolk Abyssal Knight on Mar 13, 2019.
             Was a Follower of Lugonu.
             Succumbed to an adder's poison
             ... on level 2 of the Dungeon.
             The game lasted 00:01:14 (363 turns).

Lanoc the Poker (Merfolk Abyssal Knight)             Turns: 363, Time: 00:01:15

Health: 0/29       AC:  3    Str: 11 (12) XL:     3   Next: 52%
Magic:  4/4        EV: 13    Int: 10 (11) God:    Lugonu [*.....]
Gold:   23         SH:  0    Dex: 13 (14) Spells: 2/2 levels left

rFire    + . .     SeeInvis .   a - +1 spear
rCold    + . .     Gourm    .   (no shield)
rNeg     . . .     Faith    .   b - +0 leather armour
rPois    +         Spirit   .   (no helmet)
rElec    +         Reflect  .   (no cloak)
rCorr    +         Harm     .   (no gloves)
MR       .....                  (no boots)
Stlth    +.........             (no amulet)
HPRegen  0.09/turn              (no ring)
MPRegen  0.09/turn              (no ring)

@: lethally poisoned (0 -> -5), resistant
A: change form in water, swift swim, stealthy swim
a: Depart the Abyss, Renounce Religion


You were on level 2 of the Dungeon.
You worshipped Lugonu.
Lugonu was aware of your devotion.
You were not hungry.

You visited 1 branch of the dungeon, and saw 2 of its levels.
You visited the Abyss 1 time.

You collected 23 gold pieces.

Inventory:

Hand Weapons
 a - a +1 spear (weapon)
Armour
 b - a +0 leather armour (worn)
Comestibles
 c - a ration
 g - 3 chunks of flesh


   Skills:
 + Level 3.5 Fighting
 * Level 4.0 Polearms
 + Level 1.1 Armour
 + Level 3.2 Dodging
 + Level 2.4 Invocations


You had 2 spell levels left.
You didn't know any spells.
Your spell library was empty.

Dungeon Overview and Level Annotations

Branches:
Dungeon (2/15)

Altars:


Message History

* * * LOW HITPOINT WARNING * * *
You feel sick.
You see here a scroll labeled QAREPH PELAI.
As you read the scroll labeled QAREPH PELAI, it crumbles to dust.
You feel aware of your surroundings.
You sensed 2 altars.
It was a scroll of magic mapping.
* * * LOW HITPOINT WARNING * * *
You feel sick.
As you read the scroll labeled NEAVUTZ FIOTU, it crumbles to dust.
You feel blessed for a moment.
It was a scroll of remove curse.
As you read the scroll labeled ZOKOSO FUDUPHOF, it crumbles to dust.
You assume a fearsome visage.
Nothing appears to happen.
It was a scroll of fear.
* * * LOW HITPOINT WARNING * * *
You feel sick.
* * * LOW HITPOINT WARNING * * *
You feel sick.
You see here an adder corpse.
You butcher the adder corpse.
You die...

######## #......#
#......# #.....)#
#......# #......#
********#########......#
,,,,,,,,........@......#
,*******#########<.....#
,,,,* #.!.....# ***,*
###.†)....# * *,**
****#.†.####### *
*,,****#........#
****,,,,..........#
,,******#.........# *,*
***,..........#


There were no monsters in sight!

Vanquished Creatures
  3 adders (D:2)
  2 dart slugs (D:1)
  A ball python (D:1)
  A bat (D:2)
  A hobgoblin (D:1)
  2 frilled lizards
  2 kobolds (D:1)
12 creatures vanquished.

Vanquished Creatures (others)
  4 toadstools (D:1)
4 creatures vanquished.

Grand Total: 16 creatures vanquished

Notes
Turn   | Place    | Note
-------+----------+-------------------------------------------
     0 | Abyss:1  | Lanoc the Merfolk Abyssal Knight began the quest for the
                  | Orb.
     0 | Abyss:1  | Reached XP level 1. HP: 18/18 MP: 2/2
    22 | D:1      | Escaped the Abyss
    67 | D:1      | Reached XP level 2. HP: 11/24 MP: 3/3
   331 | D:2      | Reached skill level 1 in Armour
   341 | D:2      | Reached XP level 3. HP: 23/29 MP: 4/4
   347 | D:2      | Reached skill level 4 in Polearms
   358 | D:2      | HP: 1/29 [poisoned by an adder]
   363 | D:2      | Succumbed to an adder's poison

Levels and vault maps discovered:
D:1:      ldierk_walled_garden_2, layout_basic
D:2:      layout_rooms, led_sif_pool, grunt_qazlal_clouds
Abyss:1:  hangedman_illusive_loot

Skill      XL: |  1  2  3 |
---------------+----------+-----
Dodging        | 3 |  3.2
Armour         | 1 |  1.1
Polearms       | 4 |  4.0
Fighting       | |  3.5
Invocations    | |  2.4

Action                   || total
-------------------------++-------
Melee: Spear             ||    44
  Use: Potion            ||     2
       Scroll            ||     3
Armor: Leather armour    ||     3
Dodge: Dodged            ||    19

Table legend:
 A = Non-vault XP
 B = Vault XP
 C = Vault XP percentage of total XP
 D = Non-vault monster count
 E = Vault monster count
 F = Vault count percentage of total count
                 A         B        C        D         E       F
            +---------+---------+-------+---------+---------+-------
      Total |      59 |       0 |   0.0 |      12 |       0 |   0.0
            +---------+---------+-------+---------+---------+-------
        D:1 |      16 |       0 |   0.0 |       7 |       0 |   0.0
        D:2 |      43 |       0 |   0.0 |       5 |       0 |   0.0
            +---------+---------+-------+---------+---------+-------
